 Dungeon Crawl Stone Soup version 0.18-a0-1789-gbeff17f (webtiles) character file.

387 macross the Ducker (level 6, -6/48 HPs)
             Began as a Merfolk Chaos Knight on Apr 21, 2016.
             Mangled by a wyvern (15 damage)
             ... on level 4 of the Dungeon.
             The game lasted 00:15:18 (2284 turns).

macross the Ducker (Merfolk Chaos Knight)           Turns: 2284, Time: 00:15:20

Health: -6/48      AC:  8    Str: 15    XL:     6   Next: 78%
Magic:  24/24      EV:  7    Int: 11    God:    Xom [...*..]
Gold:   97         SH:  0    Dex: 13    Spells: 0 memorised, 5 levels left

rFire  . . .     SeeInvis .     a - +2 hand axe (chaos)
rCold  + . .     Gourm    .     v - +0 scale mail {rC+}
rNeg   . . .     Faith    .     e - +0 large shield
rPois  .         Spirit   .     k - +0 helmet
rElec  .         Dismiss  .     (no cloak)
rCorr  .         Reflect  .     m - +0 pair of gloves
SustAt .         Harm     .     (no boots)
MR     .....                    (no amulet)
Stlth  ..........               p - ring of magical power
                                d - ring of magical power (curse)

@: confused, not resistant to hostile enchantments, extremely unstealthy
A: change form in water, swift swim
a: Renounce Religion


You were on level 4 of the Dungeon.
You worshipped Xom.
You were a favourite toy of Xom.
You were not hungry.

You visited 1 branch of the dungeon, and saw 4 of its levels.

You collected 97 gold pieces.

Inventory:

Hand Weapons
 a - a +2 hand axe of chaos (weapon)
 x - a +2 mace of draining
Missiles
 q - 6 tomahawks of returning (quivered)
Armour
 b - a +2 leather armour
 e - a +0 large shield (worn)
 f - a +1 animal skin
 g - a +0 scale mail
 k - a +0 helmet (worn)
 m - a +0 pair of gloves (worn)
 v - a +0 scale mail of cold resistance (worn)
Magical Staves
 t - an uncursed staff of wizardry {unknown}
Jewellery
 d - a cursed ring of magical power (left hand)
 p - a ring of magical power (right hand)
Scrolls
 n - a scroll of recharging
 w - a scroll of teleportation {unknown}
Potions
 i - a potion of lignification {unknown}
 j - a potion of flight
 l - a potion of might {unknown}
 o - a potion of magic {unknown}
 s - a potion of berserk rage {unknown}
 u - a potion of degeneration {unknown}
Comestibles
 c - 2 bread rations
 h - a fruit
 r - a meat ration


   Skills:
 + Level 4.1 Fighting
 + Level 3.1 Axes
 + Level 2.3 Armour
 + Level 5.5 Dodging
 + Level 0.5 Stealth
 + Level 2.7 Shields


You had 5 spell levels left.
You didn't know any spells.

Dungeon Overview and Level Annotations

Branches:
Dungeon (4/15)
 Temple: D:4-7

Altars:
Sif Muna
Xom

Annotations:
D:3 macross's ghost, amateur HuBe


Message History

You hit the wyvern.
There is a sudden explosion of sparks!
The wyvern is heavily wounded.
You hear Xom's maniacal laughter.
You hear a crunching sound.
You block the wyvern's attack. The wyvern closely misses you.
You barely miss the wyvern.
The wyvern is heavily wounded.
You block the wyvern's attack. x2
Your shield and scale mail prevent you from hitting the wyvern.
The wyvern is heavily wounded.
The wyvern bites you!
* * * LOW HITPOINT WARNING * * *
Your scale mail prevents you from hitting the wyvern.
The wyvern is heavily wounded.
Xom titters.
You are confused.
You are now a favourite toy of Xom.
The wyvern bites you!
You die...
Xom guffaws!

#......... .#
#...........#
##........ ..##+#+#.
......... .........
......... .........
..<.....# ##........
.......l###.........
.......@.##.........
.........##))......#
.........''........#
..#..............#.#
. ####..............
#.............. ..
#..................
#...........##.....
#........######....


You could see a wyvern.

Vanquished Creatures
  Menkaure (D:4)
  An orc priest (D:4)
  3 orc wizards
  Ijyb (D:3)
  Robin (D:4)
  3 adders
  An ooze (D:3)
  A worm (D:2)
  3 dart slugs (D:3)
  3 giant geckos
  5 orcs
  A giant cockroach (D:2)
  10 goblins
  12 hobgoblins
  11 jackals
  5 kobolds
  A quokka (D:4)
  A ball python (D:1)
  4 bats
  A giant gecko skeleton (D:4)
  3 giant newts
  4 rats
76 creatures vanquished.

Notes
Turn   | Place    | Note
--------------------------------------------------------------
     0 | D:1      | macross the Merfolk Chaos Knight began the quest for the Orb.
     0 | D:1      | Reached XP level 1. HP: 18/18 MP: 1/1
    58 | D:1      | XOM: potion effect (haste)
    63 | D:1      | Reached skill level 3 in Dodging
    63 | D:1      | Reached XP level 2. HP: 19/24 MP: 2/2
   374 | D:2      | Reached XP level 3. HP: 26/29 MP: 3/3
   460 | D:2      | Found a deep blue altar of Sif Muna.
   502 | D:2      | XOM: scenery: create altars
   841 | D:3      | Reached skill level 1 in Shields
   906 | D:3      | XOM: 6-stop teleportation journey
   912 | D:3      | Noticed macross's ghost (amateur HuBe)
   913 | D:3      | Reached XP level 4. HP: 31/36 MP: 4/4
   915 | D:3      | XOM: scenery: create altars
   994 | D:3      | Reached skill level 1 in Armour
  1034 | D:3      | Noticed Ijyb
  1045 | D:3      | Killed Ijyb
  1045 | D:3      | Reached skill level 4 in Dodging
  1092 | D:3      | XOM: divination: magic mapping
  1093 | D:3      | XOM: confuse monster(s)
  1095 | D:3      | Reached XP level 5. HP: 27/42 MP: 5/5
  1120 | D:3      | XOM: confuse monster(s)
  1131 | D:3      | XOM: god gift: 6 tomahawks of returning
  1424 | D:4      | Noticed Robin
  1426 | D:4      | Noticed Menkaure
  1434 | D:4      | Killed Robin
  1437 | D:4      | XOM: polymorph goblin -> quokka
  1443 | D:4      | Reached skill level 5 in Dodging
  1447 | D:4      | XOM: swap monsters
  1476 | D:4      | XOM: summons 5 friendly demons
  1761 | D:4      | Killed Menkaure
  1761 | D:4      | Reached XP level 6. HP: 20/48 MP: 6/6
  1871 | D:4      | XOM: colour smoke trail
  1934 | D:4      | XOM: medium Necr miscast
  2278 | D:4      | Noticed a wyvern
  2281 | D:4      | XOM: mild Hex miscast
  2284 | D:4      | XOM: confusion
  2284 | D:4      | Mangled by a wyvern

Vault maps used:
D:1:      dpeg_arrival_tiny_a
D:2:      nicolae_overflow_crystal_walls, grunt_gozag_statues, first_bread,
          grunt_nemelex_the_gamble
D:3:      st_stairs_1, uniq_iyjb
D:4:      uniq_menkaure, uniq_robin

Skill      XL: |  1  2  3  4  5  6 |
---------------+-------------------+-----
Dodging        | 3 4 5 |  5.5
Shields        | 1 2 |  2.7
Armour         | 1 2 |  2.3
Axes           | 3 |  3.1
Fighting       | 4 |  4.1
Stealth        | |  0.5

Action                   |  1- 3 |  4- 6 || total
-------------------------+-------+-------++-------
Melee: Hand axe          |   132 |   114 ||   246
  Use: Scroll            |     2 |     6 ||     8
       Potion            |       |     3 ||     3
 Stab: Confused          |     1 |     1 ||     2
  Eat: Fruit             |     1 |     3 ||     4
       Beef jerky        |       |     1 ||     1
Armor: Leather armour    |    23 |       ||    23
       Scale mail        |    52 |    46 ||    98
Dodge: Dodged            |    47 |    25 ||    72
Block: Large shield      |    78 |    78 ||   156
